 Dungeon Crawl Stone Soup version 0.29-a0-283-ga02f740833 (webtiles) character file.

Game seed: 6771481068178501963

7898 enile the Fighter (level 11, -14/77 HPs)
             Began as an Octopode Wanderer on Mar 13, 2022.
             Was an Initiate of Ignis.
             Demolished by a two-headed ogre
             ... wielding a +0 giant club
              (24 damage)
             ... on level 10 of the Dungeon.
             The game lasted 00:31:18 (13058 turns).

enile the Fighter (Octopode Wanderer)              Turns: 13058, Time: 00:31:19

Health: -14/77     AC:  3    Str: 13    XL:     11   Next: 22%
Magic:  13/14      EV: 14    Int: 22    God:    Ignis [......]
Gold:   345        SH: 10    Dex: 14    Spells: 11/14 levels left

rFire   + . .      SeeInvis .   q - +5 scimitar (elec)
rCold   . . .      Faith    .   e - +0 kite shield of Hadjma {Str+4 Int+3 Stlth+}
rNeg    . . .      Spirit   .   K - +2 hat {Will+}
rPois   .          Reflect  .   F - amulet of regeneration
rElec   .          Harm     .   D - ring of flight
rCorr   .          Rampage  .   (no ring)
Will    +....      Clarity  +   (no ring)
Stlth   +++++.....              (no ring)
HPRegen 1.02/turn               (no ring)
MPRegen 0.14/turn               (no ring)
                                (no ring)
                                (no ring)

@: flying
A: almost no armour, amphibious, 8 rings, camouflage 1, gelatinous body 1,
(nimble swimmer 1), tentacles, clarity, evolution 1, MP-powered wands
a: Renounce Religion


You were on level 10 of the Dungeon.
You worshipped Ignis.
Ignis was noncommittal.
You visited 2 branches of the dungeon, and saw 13 of its levels.
You also visited: Sewer.

You collected 719 gold pieces.
You spent 374 gold pieces at shops.

Inventory:

Hand Weapons
 a - a +0 hunting sling
 c - a +0 spear
 d - a +0 dagger of venom
 j - a +0 war axe
 p - a +0 shortbow
 q - a +5 scimitar of electrocution (weapon)
 z - a +2 whip of electrocution
Missiles
 g - 8 atropa-tipped darts
Armour
 b - a +0 hat
 e - the +0 kite shield of Hadjma (worn) {Str+4 Int+3 Stlth+}
   (You acquired it on level 9 of the Dungeon)

   Str:       It affects your strength (+4).
   Int:       It affects your intelligence (+3).
   Stlth:     It makes you more stealthy.
 A - a +0 buckler
 K - a +2 hat of willpower (worn)
Jewellery
 t - an amulet of guardian spirit
 C - an amulet of magic regeneration
 D - a ring of flight (left tentacle)
 F - an amulet of regeneration (around mantle)
Wands
 f - a wand of polymorph (1)
 n - a wand of digging (6)
 I - a wand of flame (18)
Scrolls
 m - 2 scrolls of vulnerability
 r - a scroll of torment
 u - a scroll of brand weapon
 x - 2 scrolls of enchant armour
 y - a scroll of fog
 B - 2 scrolls of magic mapping
Potions
 h - a potion of heal wounds
 i - a potion of degeneration
 l - 2 potions of mutation
 o - a potion of ambrosia
 s - 5 potions of curing
 v - a potion of brilliance
 G - 2 potions of might


   Skills:
 + Level 8.2 Fighting
 - Level 2.0(4.7) Short Blades
 - Level 6.8(7.0) Long Blades
 - Level 2.0 Slings
 - Level 7.0 Dodging
 - Level 6.0 Stealth
 - Level 8.0 Shields
 - Level 2.0 Spellcasting
 - Level 4.0 Summonings
 - Level 2.0 Transmutations
 - Level 1.0 Invocations
 - Level 6.0 Evocations


You had 11 spell levels left.
You knew the following spells:

 Your Spells              Type           Power      Damage    Failure   Level
a - Summon Small Mammal   Summ           76%        N/A       6%          1
b - Wereblood             Tmut           11%        N/A       22%         2

Your spell library contained the following spells:

 Spells                   Type           Power      Damage    Failure   Level
 Call Imp                 Summ           19%        N/A       10%         2
 Summon Guardian Golem    Hex/Summ       11%        N/A       41%         3
 Sublimation of Blood     Necr           2%         N/A       45%         2
 Summon Hydra             Summ           9%         N/A       100%        7


Dungeon Overview and Level Annotations

Branches:
Dungeon (11/15)            Temple (0/1) D:7            Lair (0/6) D:10
    Orc (2/2) D:11          Sewer (visited)
    Elf: Orc:2

Altars:
Cheibriados
Elyvilon
Fedhas
Hepliaklqana
Trog
Uskayaw
Beogh
Ignis

Shops:
D:11 !   Orc:1 [

Annotations:
D:8 exclusion: gargoyle
D:9 Erica


Innate Abilities, Weirdness & Mutations

You cannot wear most types of armour.
You are amphibious.
You can wear up to eight rings at the same time.
Your skin changes colour to match your surroundings (Stealth+).
Your rubbery body absorbs attacks. (AC +1, EV +1)
((You are camouflaged when in or above water. (Stealth+)))
You have tentacles for arms and can constrict up to eight enemies at once.
You possess an exceptional clarity of mind.
You have hidden genetic potential.
You expend magic power (3 MP) to strengthen your wands.


Message History

You barely miss something. Something completely misses you.
Okay, then.
Okay, then.
Something barely misses you. Something hits you. Something hits you.
Something barely misses you. Something hits you.
There is a stone staircase leading down here.
You fly downwards.
Reactivating autopickup.
There is a stone staircase leading up here.
You start resting.
Your extra speed is starting to run out.
You start resting.
You feel yourself slow down.
You start resting.
You start to feel less resistant.
You start resting.
Your resistance to elements expires.
You start resting.
HP restored.
(D) Dungeon (T) Temple (L) Lair (O) Orcish Mines
Where to? (Enter - D:10, ? - help)
You fly upwards.
Something completely misses you. You block the two-headed ogre's attack.
The two-headed ogre barely misses you.
There is a stone staircase leading down here.
Casting: Summon Small Mammal (safe; 6% risk of failure)
Confirm with . or Enter, or press ? or * to list all spells.
Okay, then.
Casting: Summon Small Mammal (safe; 6% risk of failure)
Confirm with . or Enter, or press ? or * to list all spells.
Something completely misses you.
The two-headed ogre hits you with a +0 giant club!!
The two-headed ogre hits you with a +0 giant club!
Something hits you.
Deactivating autopickup; reactivate with Ctrl-A.
Your bat barely misses something.
The two-headed ogre hits you with a +0 giant club!!
* * * LOW HITPOINT WARNING * * *
The two-headed ogre hits you with a +0 giant club!!
You die...

#§..≈§≈§..## ##.##
#._...§....# #...#
#≈..≈≈≈....# #...#
#########..#####.##
#...#...........#
##..............##
#...............##
##.............#.##
##.........O@....#
##..............#
#...........#...#
##.........b.##..#
##............#....#
#..............(..##
##...............##
##.............##
#..............#


You could see a two-headed ogre and a friendly bat (summoned).

Vanquished Creatures
  A two-headed ogre (D:9)
  An unseen horror (D:11)
  2 trolls
  A hornet (D:9)
  A shadow (D:7)
  A wyvern (D:7)
  13 yaks
  Grum (D:9)
  A steam dragon (D:9)
  5 water moccasins (D:7)
  3 orc warriors
  3 ice beasts
  A black bear (D:5)
  3 sky beasts
  2 wolves
  3 centaurs
  2 kobold brigands
  5 bullfrogs
  2 gnoll sergeants
  4 killer bees (D:6)
  7 howler monkeys
  3 jellies
  2 hounds
  A gnoll shaman (D:6)
  3 orc priests
  An iguana (D:6)
  Natasha (twice) (D:3)
  8 orc wizards
  A mummy (D:8)
  10 gnolls
  8 adders
  A white imp (D:7)
  A worm (D:3)
  A dart slug (D:2)
  26 orcs
  7 ball pythons
  A bat (D:1)
  7 endoplasms
  9 giant cockroaches
  4 goblins
  5 hobgoblins
  8 jackals
  14 kobolds
  3 quokkas
  7 frilled lizards
  2 hobgoblin zombies (D:8)
  2 orc zombies (D:8)
  7 rats
206 creatures vanquished.

Vanquished Creatures (collateral kills)
  A black bear (D:3)
  An ogre (D:6)
  A killer bee (D:6)
  Natasha (D:3)
  An adder (D:6)
  A worm (D:2)
  A hobgoblin (D:1)
  A rat (D:2)
8 creatures vanquished.

Vanquished Creatures (others)
  A howler monkey (D:9)
  70 foxfires
  4 toadstools (D:1)
75 creatures vanquished.

Grand Total: 289 creatures vanquished

Notes
Turn   | Place    | Note
-------+----------+-------------------------------------------
     0 | D:1      | enile the Octopode Wanderer began the quest for the Orb.
     0 | D:1      | enile set off with the following items: a +0 hunting sling,
                  | a +0 hat, a potion of lignification; and the following
                  | spell memorised: Summon Small Mammal; and the following
                  | spells available to memorise: Call Imp, Summon Guardian
                  | Golem
     0 | D:1      | Reached XP level 1. HP: 13/13 MP: 2/2
   194 | D:1      | Reached XP level 2. HP: 19/19 MP: 3/3
   336 | D:1      | Found a faded altar of an unknown god.
   385 | D:1      | Prayed at the altar of an unknown god.
   385 | D:1      | Became a worshipper of Ignis, the Dying Flame
   495 | D:1      | Reached skill level 1 in Dodging
   905 | D:1      | Reached XP level 3. HP: 24/24 MP: 2/4
  2003 | D:2      | Reached XP level 4. HP: 31/31 MP: 0/5
  2893 | D:3      | You fall into a shaft and drop 3 floors!
  2928 | D:6      | Noticed an ogre
  2958 | D:6      | Killed an ogre
  2959 | D:6      | Reached skill level 1 in Short Blades
  2959 | D:6      | Reached XP level 5. HP: 23/37 MP: 2/6
  3081 | D:5      | Entered Level 5 of the Dungeon
  3092 | D:5      | Noticed a sky beast
  3109 | D:5      | Found a glowing drain.
  3118 | Sewer    | Entered a sewer
  3171 | Sewer    | Reached XP level 6. HP: 27/43 MP: 7/7
  3998 | D:3      | Reached skill level 1 in Long Blades
  4052 | D:3      | Noticed a black bear
  4056 | D:3      | Killed a black bear
  4057 | D:3      | Reached XP level 7. HP: 44/48 MP: 8/10
  4449 | D:3      | Noticed Natasha
  4453 | D:3      | Killed Natasha
  4497 | D:3      | Noticed Natasha
  4500 | D:3      | Killed Natasha
  4532 | D:3      | Noticed Natasha
  4537 | D:3      | Killed Natasha
  5264 | D:5      | Found a blossoming altar of Fedhas.
  5356 | D:5      | Reached skill level 5 in Dodging
  5628 | D:5      | Noticed a troll
  5634 | D:5      | Killed a troll
  5635 | D:5      | Reached XP level 8. HP: 41/54 MP: 1/11
  5821 | D:5      | Reached skill level 5 in Fighting
  7061 | D:6      | Reached skill level 1 in Evocations
  7067 | D:6      | Reached XP level 9. HP: 16/62 MP: 3/12
  7445 | D:6      | Found a bloodstained altar of Trog.
  8139 | D:7      | Reached skill level 5 in Long Blades
  8649 | D:7      | Found a staircase to the Ecumenical Temple.
  9032 | D:7      | Paralysed by an orc for 3 turns
  9510 | D:7      | Found a white marble altar of Elyvilon.
  9573 | D:7      | Reached skill level 5 in Stealth
  9815 | D:8      | Reached XP level 10. HP: 63/71 MP: 13/13
  9831 | D:8      | Noticed a gargoyle
 10009 | D:8      | Reached skill level 5 in Shields
 10416 | D:8      | Found a hide-covered altar of Uskayaw.
 10707 | D:9      | Learned a level 2 spell: Wereblood
 10731 | D:9      | Reached skill level 5 in Evocations
 10731 | D:9      | Reached skill level 1 in Transmutations
 10744 | D:9      | Noticed a death knight
 10759 | D:9      | Noticed Grum
 11106 | D:9      | Noticed a two-headed ogre
 11337 | D:9      | Noticed Erica
 11551 | D:9      | Killed Grum
 11553 | D:9      | Found a snail-covered altar of Cheibriados.
 11736 | D:10     | Entered Level 10 of the Dungeon
 11750 | D:9      | Identified a scroll of acquirement
 11756 | D:9      | Acquired the +0 kite shield of Hadjma {Str+4 Int+3 Stlth+}
 11930 | D:9      | Killed a two-headed ogre
 12077 | D:9      | Reached XP level 11. HP: 77/77 MP: 14/14
 12250 | D:10     | Found a staircase to the Lair.
 12250 | D:10     | Noticed a two-headed ogre
 12263 | D:11     | Found a staircase to the Orcish Mines.
 12345 | Orc:1    | Entered Level 1 of the Orcish Mines
 12411 | Orc:1    | Found Qacrusch's Armour Emporium.
 12440 | Orc:2    | Entered Level 2 of the Orcish Mines
 12525 | D:10     | Found a hazy altar of Hepliaklqana.
 12568 | D:11     | Found Mikogean's Distillery.
 12698 | D:11     | Bought a potion of might for 44 gold pieces
 12698 | D:11     | Bought a potion of heal wounds for 55 gold pieces
 12698 | D:11     | Bought a potion of mutation for 88 gold pieces
 12698 | D:11     | Bought a potion of curing for 33 gold pieces
 12698 | D:11     | Bought a potion of ambrosia for 88 gold pieces
 12698 | D:11     | Bought 2 potions of curing for 66 gold pieces
 12698 | D:11     | Gained mutation: You possess an exceptional clarity of
                  | mind. [potion of mutation]
 12698 | D:11     | Gained mutation: You expend magic power (3 MP) to
                  | strengthen your wands. [potion of mutation]
 12698 | D:11     | Gained mutation: You have hidden genetic potential. [potion
                  | of mutation]
 12821 | D:11     | Noticed a boulder beetle
 13058 | D:10     | Demolished by a two-headed ogre

Illustrated notes

Levels and vault maps discovered:
D:1:      ldierk_water_garden, layout_basic,
          shapermc_ecumenical_altar_starsandcircs, chequers_garden,
          minmay_misc_feat_tower
D:2:      layout_basic
D:3:      layout_loops_ring, uniq_natasha
D:4:      layout_basic, saegor_snake_ambush
D:5:      layout_gridville, amcnicky_altar_gilded, cheibrodos_sewer_entry_drain
D:6:      layout_basic, trog_three_pillars_becter
D:7:      layout_gridville, marbit_many_paths, minmay_temple_entry_offerings,
          minmay_door_square, minmay_stone_trees_small
D:8:      layout_loops_ring, mainiacjoe_overflow_alcove_4, minmay_mini_ossuary
D:9:      layout_rooms, nicolae_overflow_crystal_walls, uniq_grum, uniq_erica
D:10:     layout_cross, pf_just_have_faith, lair_entry_dummy
D:11:     layout_basic, orc_0_dummy, serial_shops,
          nicolae_shop_advertising_works [nicolae_subvault_shop_adworks],
          serial_corexii_hall, corexii_hall_statues_u, chequers_hall_statues_y,
          roderic_roman_lattice
Orc:1:    layout_caves, basic_altar, serial_shops, shop_fountains, shop, shop,
          nicolae_shop_waterfront, okawaru_metal_pillars_1_2, uniq_nergalle
Orc:2:    st_orc_rangers, layout_diamond_mine, nicolae_orc_lava_tube

Skill      XL: |  1  2  3  4  5  6  7  8  9 10 11 |
---------------+----------------------------------+-----
Fighting       | 2 3 4 6 7 8 |  8.2
Dodging        | 1 2 3 5 7 |  7.0
Short Blades   | 1 2 |  2.0
Stealth        | 3 4 6 |  6.0
Spellcasting   | 2 |  2.0
Long Blades    | 2 3 4 5 6 |  6.8
Shields        | 2 3 4 6 8 |  8.0
Evocations     | 2 3 6 |  6.0
Transmutations | 2 |  2.0
Slings         | |  2.0
Summonings     | |  4.0
Invocations    | |  1.0

Action                   |  1- 3 |  4- 6 |  7- 9 | 10-12 || total
-------------------------+-------+-------+-------+-------++-------
Melee: Unarmed           |     3 |       |       |       ||     3
       Dagger            |    26 |    28 |       |       ||    54
       Constrict         |     8 |    10 |    32 |    18 ||    68
       Tentacles         |     7 |     9 |    37 |    45 ||    98
       Spear             |     3 |       |       |       ||     3
       Scimitar          |       |    24 |   169 |   161 ||   354
       Punch             |       |     1 |     4 |     1 ||     6
 Fire: Hunting sling     |    55 |       |       |       ||    55
 Cast: Summon Small Mamm |    27 |    15 |    61 |    46 ||   149
       Wereblood         |       |       |       |     1 ||     1
Invok: Foxfire Swarm     |       |     1 |     4 |     1 ||     6
       Fiery Armour      |       |     1 |     3 |       ||     4
       Rising Flame      |       |       |     1 |       ||     1
Evoke: Wand              |       |       |       |    10 ||    10
  Use: Potion            |     3 |       |     4 |    11 ||    18
       Scroll            |       |     1 |     4 |    16 ||    21
 Stab: Sleeping          |       |    10 |     6 |     3 ||    19
       Paralysed         |       |       |       |     3 ||     3
Armor: Skin              |    16 |     7 |    13 |     8 ||    44
Dodge: Dodged            |    27 |    28 |   132 |   116 ||   303
Block: Buckler           |       |       |    35 |    25 ||    60
       Kite shield       |       |       |       |    39 ||    39

Table legend: (Time is in decaauts)
 A = Elapsed time spent in this place.
 B = Non-inter-level travel time spent in this place.
 C = Inter-level travel time spent in this place.
 D = Time resting spent in this place.
 E = Time spent auto-exploring this place.
 F = Levels seen in this place.
 G = Mean time per level.
                   A        B        C        D        E       F      G
               +--------+--------+--------+--------+--------+-----+--------+
         Total |  13165 |  12477 |    688 |   2770 |   7116 |  14 |  940.4 |
       Dungeon |  12672 |  11986 |    686 |   2770 |   6837 |  11 | 1152.0 |
  Orcish Mines |    153 |    151 |      2 |      0 |    109 |   2 |   76.5 |
         Sewer |    339 |    339 |      0 |      0 |    170 |   1 |  339.0 |
               +--------+--------+--------+--------+--------+-----+--------+

Top non-repeatable levels by time:
     D:5: 2446 daAuts
     D:7: 1735 daAuts
     D:2: 1465 daAuts
     D:8: 1201 daAuts
     D:4: 1079 daAuts
     D:3: 1065 daAuts
     D:6: 1047 daAuts
     D:1: 1009 daAuts
     D:9: 814 daAuts
    D:11: 411 daAuts
    D:10: 396 daAuts
   Sewer: 339 daAuts
   Orc:1: 99 daAuts
   Orc:2: 53 daAuts
